Neld, lawful female human Valkyrie ------- ----- ---- --- ---..|..| --- |...| ---..|---.-- |....|..| ----.----- |...|--....--....-- ---.|.---.| |........| ---.--............| ---|...|.| |.| |........------ |..............-- ------..|.--|.| |.| ---........--.-------------------....--.--.--- |..||.....| |.| |.| --.............................|....------- ---..--...--- |.| |.| |......<.......------.----...........-- |.........| |.| |.| ----......--.--- |....|...--..%..^..------ ---.---...--- |.--|.| --.....---- --........---...%...|...| |...|--..-- |...|.-- |.(....| ----...%.......|.......| |.---|...| ---.|..-- ---....| ----.........|.|.....--- |.| |..-- --.....| --|.|..--- ---.|..........|...|.d)--- |.| --.--- |..-...--- --.|.|....-- |..............|--.--.@d.| |.| |...| |........-- |..........| --.......|...-..| |....--.--|.| ---.------ --........| |...--.--..| --.....-----.....- ---..-|...|.-- |....|.-- ----.|..-- --.--------- |...---- |......- |.>.|--)|..| ---.....| --|..| --- |..-- |.......| --..| |(...| |..--.| ---- ---- ---.--..| ---- ---.-- ------- --- --- --- Neld the Skirmisher Experience level: 3 Strength: 17 Dexterity: 13 Constitution: 18 Intelligence: 8 Wisdom: 9 Charisma: 10 Health: 0(34) Energy: 6(6) Def: 4 Gold: 93 Moves: 1298 Dungeon seed: jMbmhnkCp9OV5w42 Game ID: Neld_1591208766 Your Inventory: Coins $ - 93 gold pieces Weapons a - an uncursed +1 long sword (weapon in hand) b - an uncursed +0 dagger u - an uncursed +0 elven dagger Armor e - an uncursed +3 small shield (being worn) Comestibles c - 2 uncursed food rations g - an uncursed tin of male goblin meat o - an uncursed tripe ration r - an uncursed lembas wafer Scrolls k - a blessed scroll of teleportation Potions h - an uncursed potion of healing l - an uncursed potion of gain ability m - a cursed potion of monster detection Rings w - an uncursed ring of cold immunity Wands t - an uncursed wand of slow monster (0:4) Tools d - an uncursed oil lamp (0:1451) j - an uncursed skeleton key p - an uncursed bugle q - a blessed wax candle (0:400) s - 6 uncursed tallow candles (0:200) v - an uncursed oil lamp (0:1117) Spells and supernatural/magical abilities: Name Level Category Cost Memory W - pray for help -- divine ? -- Your skills at the end: Fighting Skills wands [Basic] Weapon Skills dagger [Basic] long sword [Basic] Spellcasting Skills Final Attributes: You were piously aligned. You were immune to cold. You were stealthy. Tyr was noncommittal. You are dead. Vanquished creatures: a gnome king 3 gnome lords a dwarf a wererat a hobbit 5 manes a yellow mold 16 gnomes 5 jackals 2 kobolds a goblin 3 lichens a kobold zombie 3 newts 44 creatures vanquished. Voluntary challenges: You were an atheist. You used a wielded weapon 26 times, starting on turn 109. You read items or engraved 2 times, starting on turn 507. You never genocided any monsters. You never polymorphed an object. You never changed form. You used no wishes. You never split a pudding. You never wrote Elbereth's name. You never violated your personal moral code. Dungeon overview: The Dungeons of Doom: levels 1 to 2 Level 1 a fountain, a vault a long staircase Level 2 a fountain stairs to The Gnomish Mines The Gnomish Mines: levels 3 to 4 Level 3 stairs to The Dungeons of Doom Level 4 <- You were here History has recorded: On T:1 you entered the Dungeons of Doom to retrieve the Amulet of Yendor! On T:268 you reached level 2 of The Dungeons of Doom. On T:554 you reached level 1 of The Gnomish Mines. On T:581 you advanced to experience level 2. On T:736 you advanced to experience level 3. On T:931 you reached level 2 of The Gnomish Mines. Score breakdown: Gold: 93 ( 6711 points) Experience: 3 levels ( 7878 points) Exploration: 4 levels ( 7.69%) ( 7276 points) Discoveries: 2 items ( 0.80%) ( 2683 points) Valuables value: (no points given unless you survive) Artifact value: 0 ( 0 points) Variety of kills: 14 monsters ( 3.68%) ( 5758 points) Turncount: 1298 turns ( 0 points) Survival: died (score multiplied by 80%) Total score: 24244 Latest messages: The wererat swings his aklys at you. The wererat misses. You miss the wererat. The wererat wields an aklys! The wererat changes into a rat. The wererat shrinks out of its cloak! The wererat's helmet falls to the floor! The wererat drops an aklys. The wererat wields an aklys! You miss the wererat. The wererat bites! You miss the wererat. The wererat bites! You hit the wererat! The wererat turns to flee! The wererat bites! The wererat changes into a human. You kill the wererat! You miss the little dog. The little dog bites! You die... For some reason, you think that you can almost hear the Wizard laugh manically... Final status: Farvel Neld the Valkyrie, killed by a little dog... You died in The Gnomish Mines on dungeon level 4 with 24244 points, and 93 pieces of gold, after 1298 moves. You were level 3 with a maximum of 34 hit points when you died.